 Dungeon Crawl Stone Soup version 0.21-a0-352-g5b8f553 (webtiles) character file.

120 Coron the Sneak (level 4, -9/36 HPs)
             Began as a Deep Dwarf Enchanter on Oct 10, 2017.
             Was a Follower of Trog.
             Mangled by an iguana (10 damage)
             ... on level 4 of the Dungeon.
             The game lasted 00:09:09 (2315 turns).

Coron the Sneak (Deep Dwarf Enchanter)              Turns: 2315, Time: 00:09:10

Health: -9/36      AC:  3    Str: 12    XL:     4   Next: 75%
Magic:  1/1        EV: 12    Int: 18    God:    Trog [*.....]
Gold:   118        SH:  0    Dex: 13    Spells: 6/7 levels left

rFire    . . .     SeeInvis +   x - +1 trident (flame)
rCold    . . .     Gourm    .   (no shield)
rNeg     . . .     Faith    .   y - +0 leather armour
rPois    .         Spirit   .   (no helmet)
rElec    .         Reflect  .   (no cloak)
rCorr    .         Harm     .   (no gloves)
MR       .....                  (no boots)
Stlth    ++........             (no amulet)
HPRegen  0.00/turn              (no ring)
MPRegen  0.07/turn              (no ring)

@: non-regenerating
A: damage resistance, heal wounds, see invisible, clever 1, sense surroundings
1, no regeneration
a: Heal Wounds, Berserk, Burn Spellbooks, Renounce Religion


You were on level 4 of the Dungeon.
You worshipped Trog.
Trog was aware of your devotion.
You were not hungry.

You visited 1 branch of the dungeon, and saw 4 of its levels.

You collected 118 gold pieces.

Inventory:

Hand Weapons
 a - a +1 dagger
 n - a +0 mace
 v - a +0 dagger of electrocution
 x - a +1 trident of flaming (weapon)
Armour
 b - a +0 robe
 j - a cursed -1 shield
 q - a cursed +0 plate armour
 r - a +0 ring mail
 y - a +0 leather armour (worn)
Jewellery
 w - an uncursed ring of magical power {unknown}
Scrolls
 g - 2 scrolls of magic mapping
 h - 4 scrolls of remove curse
 o - 2 scrolls of blinking
 t - a scroll of teleportation {unknown}
Potions
 c - a potion of heal wounds {unknown}
 e - a potion of agility
 i - a potion of lignification {unknown}
 k - a potion of brilliance {unknown}
 m - a potion of flight {unknown}
 s - a potion of ambrosia {unknown}
 z - a potion of curing {unknown}
Comestibles
 d - a bread ration
 f - 2 chunks of flesh
 l - 2 meat rations
 p - 3 fruits
 u - 2 royal jellies


   Skills:
 - Level 1.2 Short Blades
 + Level 2.0 Armour
 - Level 2.1 Dodging
 - Level 4.1 Stealth
 - Level 3.4 Shields
 - Level 2.1 Spellcasting
 - Level 2.4 Hexes


You had 6 spell levels left.
You knew the following spells:

 Your Spells              Type           Power        Failure   Level  Hunger
a - Corona                Hex            ##.....      9%          1    #......


Dungeon Overview and Level Annotations

Branches:
Dungeon (4/15)
 Temple: D:4-7

Altars:
Trog


Innate Abilities, Weirdness & Mutations

You are resistant to damage.
You can heal yourself by infusing magical energy.
You passively map a small area around you.
You do not regenerate.
You have supernaturally acute eyesight. (SInv)
Your mind is acute. (Int +2)


Message History

The iguana barely misses you.
You hit the iguana. You burn the iguana.
The iguana is severely wounded.
The iguana bites you!
* * * LOW HITPOINT WARNING * * *
The iguana misses you.
You hit the iguana. You burn the iguana.
The iguana is almost dead.
The iguana misses you.
You barely miss the iguana.
The iguana is almost dead.
The iguana closely misses you.
You hit the iguana but do no damage.
The iguana is almost dead.
The iguana bites you!
* * * LOW HITPOINT WARNING * * *
You hit the iguana. You burn the iguana.
The iguana is almost dead.
The iguana bites you!
You die...

#.#.###.## #..
*,,
#........#####.#*
,.
#..#...........#
#..#..#..####.##
* , #........# ,
##.##.##.# *
#.......# ,
####.#### , * #@#
* ,* #.l.# ,
#.### , , #. * *
# * , ,* ** *


You could see an iguana.

Vanquished Creatures
  A gnoll (D:1)
  4 adders
  An adder skeleton (D:3)
  A worm (D:3)
  3 dart slugs
  4 orcs
  A ball python (D:2)
  3 bats
  5 giant cockroaches
  9 hobgoblins
  A quokka (D:3)
  A ball python skeleton (D:4)
  7 frilled lizards
  9 goblins
  3 kobolds
  7 rats
60 creatures vanquished.

Notes
Turn   | Place    | Note
-------+----------+-------------------------------------------
     0 | D:1      | Coron the Deep Dwarf Enchanter began the quest for the Orb.
     0 | D:1      | Reached XP level 1. HP: 15/15 MP: 3/3
   104 | D:1      | Reached skill level 4 in Stealth
   129 | D:1      | Reached XP level 2. HP: 10/22 MP: 5/5
   185 | D:1      | HP: 1/22 [gnoll/spear (5)]
   193 | D:1      | HP: 1/22 [gnoll/spear (5)]
   202 | D:1      | Reached skill level 1 in Shields
   359 | D:1      | Gained mutation: You have sharp toenails. [potion of mutation]
   359 | D:1      | Gained mutation: Your magical capacity is low. (-10% MP) [potion of mutation]
   359 | D:1      | Gained mutation: Your magical capacity is very low. (-20% MP) [potion of mutation]
   360 | D:1      | Lost mutation: Your magical capacity is very low. (-20% MP) [potion of mutation]
   360 | D:1      | Lost mutation: Your magical capacity is low. (-10% MP) [potion of mutation]
   360 | D:1      | Lost mutation: You have sharp toenails. [potion of mutation]
   360 | D:1      | Gained mutation: Your mind is acute. (Int +2) [potion of mutation]
   360 | D:1      | Gained mutation: You have supernaturally acute eyesight. (SInv) [potion of mutation]
   368 | D:1      | Reached XP level 3. HP: 24/28 MP: 2/4
   899 | D:2      | Reached skill level 1 in Short Blades
  1091 | D:2      | You fall through a shaft for 2 floors!
  1301 | D:2      | Found a bloodstained altar of Trog.
  1309 | D:2      | Became a worshipper of Trog the Wrathful
  1409 | D:2      | Reached XP level 4. HP: 22/36 MP: 5/5
  1861 | D:3      | Reached skill level 1 in Armour
  1977 | D:3      | Reached * piety under Trog
  2314 | D:4      | HP: 1/36 [iguana (8)]
  2315 | D:4      | Mangled by an iguana

Vault maps used:
D:1:      shiori_arrival_maze
D:2:      trog_book
D:4:      grunt_dithmenos_smoke, overflow_temple_1_default

Skill      XL: |  1  2  3  4 |
---------------+-------------+-----
Spellcasting   | 2 |  2.1
Stealth        | 4 |  4.1
Shields        | 2 3 |  3.4
Short Blades   | 1 |  1.2
Armour         | 2 |  2.0
Dodging        | |  2.1
Hexes          | |  2.4

Action                   |  1- 3 |  4- 6 || total
-------------------------+-------+-------++-------
Melee: Dagger            |   184 |    98 ||   282
       Mace              |       |    15 ||    15
       Trident           |       |    12 ||    12
Invok: Burn Spellbooks   |       |     1 ||     1
 Abil: Heal Wounds       |     6 |     5 ||    11
  Use: Scroll            |     5 |       ||     5
       Potion            |     2 |       ||     2
 Stab: Sleeping          |     4 |     4 ||     8
  Eat: Chunk             |     2 |     3 ||     5
Armor: Robe              |    19 |    11 ||    30
Dodge: Dodged            |    93 |    83 ||   176

Table legend:
 A = Spawn XP
 B = Non-spawn XP
 C = Spawn XP percentage of total XP
 D = Spawn monster count
 E = Non-spawn monster count
 F = Spawn count percentage of total count
 G = Total turns spent on level
                    A         B        C        D         E        F      G
               +---------+---------+-------+---------+---------+-------+---------
         Total |       0 |     172 |   0.0 |       0 |      60 |   0.0 |  2315
               +---------+---------+-------+---------+---------+-------+---------
           D:1 |       0 |      50 |   0.0 |       0 |      21 |   0.0 |   875
           D:2 |       0 |      74 |   0.0 |       0 |      22 |   0.0 |   822
           D:3 |       0 |      47 |   0.0 |       0 |      16 |   0.0 |   476
           D:4 |       0 |       1 |   0.0 |       0 |       1 |   0.0 |   142
               +---------+---------+-------+---------+---------+-------+---------
